 Dungeon Crawl Stone Soup version 0.29-a0-474-gdfe5cd140f (webtiles) character file.

Game seed: 8741806020379360039

91 grumblor the Ducker (level 4, -4/34 HPs)
             Began as a Djinni Gladiator on May 24, 2022.
             Slain by a wyvern zombie (6 damage)
             ... on level 3 of the Dungeon.
             The game lasted 00:02:36 (2900 turns).

grumblor the Ducker (Djinni Gladiator)              Turns: 2900, Time: 00:02:37

Health: -4/34      AC: 11    Str: 15    XL:     4   Next: 88%
Gold:   234        EV:  5    Int:  9    God:
                   SH:  0    Dex: 15

rFire   + + .      SeeInvis .   a - +0 war axe
rCold   x . .      Faith    .   (no shield)
rNeg    . . .      Spirit   .   l - +0 plate armour
rPois   ∞          Reflect  .   c - +0 helmet
rElec   .          Harm     .   (no cloak)
rCorr   .          Rampage  .   (no gloves)
Will    .....                   (boots unavailable)
Stlth   ..........              (no amulet)
HPRegen 0.11/turn               (no ring)
MPRegen 0.00/turn               (no ring)

@: silenced, flying
A: sickness immunity, fire resistance 2, cold vulnerability 1, float, innate
caster, HP casting, extra vitality 1
a: no special abilities


You were on level 3 of the Dungeon.
You visited 1 branch of the dungeon, and saw 3 of its levels.

You collected 234 gold pieces.

Inventory:

Hand Weapons
 a - a +0 war axe (weapon)
Missiles
 d - 3 throwing nets (quivered)
 e - a javelin
Armour
 c - a +0 helmet (worn)
 l - a +0 plate armour (worn)
Jewellery
 m - a ring of resist corrosion
Scrolls
 b - 2 scrolls of poison
 j - a scroll of fog
 q - 2 scrolls of summoning
Potions
 f - 2 potions of curing {unknown}
 g - 2 potions of mutation {unknown}
 h - 2 potions of might {unknown}
 i - a potion of cancellation {unknown}
 n - a potion of haste {unknown}
 o - a potion of degeneration {unknown}
 p - a potion of flight {unknown}
 r - 2 potions of heal wounds {unknown}
 s - a potion of brilliance {unknown}


   Skills:
 * Level 2.6 Fighting
 + Level 3.3 Axes
 + Level 1.6 Throwing
 + Level 1.0 Armour
 + Level 3.5 Dodging
 * Level 1.1 Spellcasting


You had 4 spell levels left.
You knew the following spells:

 Your Spells              Type           Power      Damage    Failure   Level
a - Slow                  Hex            8%         N/A       100%        1
Your spell library was empty.


Dungeon Overview and Level Annotations

Branches:
Dungeon (3/15)

Altars:

Annotations:
D:3 Sekkong's ghost, amateur MiFi


Innate Abilities, Weirdness & Mutations

You are immune to sickness and miasma.
You are immune to poison.
Your flesh is very heat resistant. (rF++)
You are vulnerable to cold. (rC-)
You float through the air rather than walking.
You learn spells naturally, not from books.
Your magical power is your life essence.
You have superior vitality. (+4 MHP)


Message History

The wyvern zombie bites you but does no damage.
You barely miss Sekkong's ghost. You hit the wyvern zombie.
You slash the wyvern skeleton!
The wyvern skeleton bites you but does no damage.
The wyvern zombie bites you but does no damage.
The bullfrog skeleton hits you but does no damage.
Unknown command.
You barely miss Sekkong's ghost. You punch Sekkong's ghost.
Sekkong's ghost is lightly damaged.
You slash the bullfrog skeleton!
You hit the wyvern zombie but do no damage.
You hit the wyvern skeleton.
The wyvern skeleton bites you but does no damage.
The wyvern zombie bites you but does no damage.
The bullfrog skeleton hits you but does no damage.
Sekkong's ghost hits you! The wyvern skeleton bites you.
The wyvern zombie bites you but does no damage.
The bullfrog skeleton hits you.
* * * LOW HITPOINT WARNING * * *
You hit Sekkong's ghost.
Sekkong's ghost is lightly damaged.
You hit the bullfrog skeleton.
You hit the wyvern zombie but do no damage.
You slash the wyvern skeleton! The wyvern skeleton bites you.
* * * LOW HITPOINT WARNING * * *
Sekkong's ghost hits you but does no damage.
The wyvern zombie bites you.
* * * LOW HITPOINT WARNING * * *
The bullfrog skeleton hits you but does no damage.
Sekkong's ghost hits you.
* * * LOW HITPOINT WARNING * * *
The wyvern skeleton closely misses you. The wyvern zombie bites you.
* * * LOW HITPOINT WARNING * * *
You hit Sekkong's ghost but do no damage.
Sekkong's ghost is lightly damaged.
You hit the bullfrog skeleton. You barely miss the wyvern zombie.
You slash the wyvern skeleton! The bullfrog skeleton hits you.
* * * LOW HITPOINT WARNING * * *
The wyvern skeleton barely misses you. The wyvern zombie bites you.
You die...

######........##.#
#..........
.......###....##.#
#..........
.......###.#.....#
##########.
.......'...###.###
#. .......#####
#.# #. ......†#
#.## ## .......#
##..### # .......#
#..Z..# # ########
#..Z@.# #
###'ZW###
#....ZZ.#
##.....##
#...!...#
##..($.## ..#.#..
#########


You could see Sekkong's ghost, a bullfrog zombie, 2 wyvern zombies, a bullfrog
skeleton and a wyvern skeleton.

Vanquished Creatures
  4 adders
  A dart slug (D:2)
  4 orcs (D:3)
  3 ball pythons (D:2)
  5 endoplasms
  4 giant cockroaches
  6 goblins
  4 hobgoblins
  4 jackals (D:3)
  A quokka (D:1)
  2 bats
  A frilled lizard (D:3)
  4 kobolds
  4 rats
47 creatures vanquished.

Notes
Turn   | Place    | Note
-------+----------+-------------------------------------------
     0 | D:1      | grumblor the Djinni Gladiator began the quest for the Orb.
     0 | D:1      | Reached XP level 1. HP: 18/18 MP: 0/0
   335 | D:1      | Found a faded altar of an unknown god.
   434 | D:1      | Reached XP level 2. HP: 20/23 MP: 0/0
  1336 | D:2      | Reached XP level 3. HP: 28/28 MP: 0/0
  1336 | D:2      | Learned a level 1 spell: Slow
  1932 | D:3      | Reached XP level 4. HP: 28/33 MP: 0/0
  2001 | D:3      | Reached skill level 1 in Armour
  2005 | D:3      | Reached skill level 1 in Spellcasting
  2405 | D:3      | Found a runed translucent gate.
  2405 | D:3      | Found a runed translucent gate.
  2405 | D:3      | Found a runed translucent gate.
  2410 | D:3      | Noticed Sekkong's ghost (amateur MiFi)
  2900 | D:3      | Slain by a wyvern zombie

Illustrated notes

Levels and vault maps discovered:
D:1:      doesnt_arrival_eight_statues, layout_basic,
          ebering_ecumenical_altar_abandoned
D:2:      layout_basic
D:3:      layout_basic, gammafunk_ghost_necromancy, minivault_5

Skill      XL: |  1  2  3  4 |
---------------+-------------+-----
Axes           | 3 |  3.3
Armour         | 1 |  1.0
Spellcasting   | 1 |  1.1
Fighting       | |  2.6
Throwing       | |  1.6
Dodging        | |  3.5

Action                   |  1- 3 |  4- 6 || total
-------------------------+-------+-------++-------
Melee: War axe           |    92 |    75 ||   167
       Punch             |       |     1 ||     1
  Use: Scroll            |     3 |     6 ||     9
Armor: Leather armour    |     8 |       ||     8
       Plate armour      |    63 |    87 ||   150
Dodge: Dodged            |    34 |    24 ||    58

Table legend: (Time is in decaauts)
 A = Elapsed time spent in this place.
 B = Non-inter-level travel time spent in this place.
 C = Inter-level travel time spent in this place.
 D = Time resting spent in this place.
 E = Time spent auto-exploring this place.
 F = Levels seen in this place.
 G = Mean time per level.
                   A        B        C        D        E       F      G
               +--------+--------+--------+--------+--------+-----+--------+
         Total |   2958 |   2883 |     75 |      0 |   2433 |   3 |  986.0 |
       Dungeon |   2958 |   2883 |     75 |      0 |   2433 |   3 |  986.0 |
               +--------+--------+--------+--------+--------+-----+--------+

Top non-repeatable levels by time:
     D:1: 1199 daAuts
     D:3: 1009 daAuts
     D:2: 749 daAuts
